[Event "Wednesday Night Engine Tour 13 rd Swiss 3m+1s Starts at 2200hrs ST"]
[Site "Infinity Chess"]
[Date "2018.1.18"]
[Round "13"]
[White "jery"]
[Black "KhalidOmar"]
[Result "1/2-1/2"]
[ECO "C55"]
[WhiteElo "2458"]
[BlackElo "2535"]
[WhiteEngine "stockfish_18011309_x64_modern_CTG"]
[BlackEngine "Eman SL 1.63 64-bit BMI2"]
[EventType "Swiss"]
[WhiteTeam ""]
[BlackTeam ""]
[PlyCount "69"]
[TimeControl "180+1"]

1. e4 e5 2. Nf3 Nc6 3. Bc4 Nf6 4. d3 Bc5 5. c3 a5 6. a4 h6 7. O-O d6 8. Re1 O-O 
9. h3 Be6 10. Bxe6 fxe6 11. Be3 Bxe3 12. Rxe3 Rf7 13. Qb3 Qd7 14. Nbd2 Raf8 
15. Rf1 b6 16. g3 g5 17. Kg2 g4 18. Nh4 gxh3+ 19. Kxh3 Rg7 20. Qb5 Kf7 
21. Rh1 Ke8 22. Kg2 Kd8 23. Qa6 Ng4 24. Rf3 Nf6 25. b3 Qc8 26. Qb5 Qd7 
27. Nc4 Rgg8 28. Ra1 Ke7 29. Nd2 Kd8 30. Re1 Ke7 31. Ra1 Ke8 32. Qa6 Ke7 
33. Rc1 Ke8 34. Ra1 Ke7 35. Qb5 1/2-1/2

[Event "Wednesday Night Engine Tour 13 rd Swiss 3m+1s Starts at 2200hrs ST"]
[Site "Infinity Chess"]
[Date "2018.1.17"]
[Round "12"]
[White "ocirema"]
[Black "RonWeasley"]
[Result "1/2-1/2 "]
[ECO "C11"]
[WhiteElo "2490"]
[BlackElo "2495"]
[WhiteEngine "stockfish_18011309_x64_modern_CTG"]
[BlackEngine "BrainFish 130117_CTG"]
[EventType "Swiss"]
[WhiteTeam ""]
[BlackTeam ""]
[PlyCount "175"]
[TimeControl "180+1"]

1. e4 e6 2. d4 d5 3. Nc3 Nf6 4. e5 Nfd7 5. f4 c5 6. Nf3 Nc6 7. Be3 cxd4 
8. Nxd4 Qb6 9. Qd2 Qxb2 10. Rb1 Qa3 11. Bb5 Nxd4 12. Bxd4 a6 13. Bxd7+ Bxd7 
14. Rb3 Qe7 15. Rxb7 Rc8 16. O-O Qd8 17. Qe3 Rc4 18. Rfb1 Be7 19. f5 Bg5 
20. Qd3 O-O 21. Ne4 Bc8 22. Bb6 Be3+ 23. Qxe3 Qh4 24. Nf6+ gxf6 25. Rc7 exf5 
26. Rxc4 dxc4 27. exf6 Kh8 28. Bc7 Rg8 29. Bg3 Qg4 30. Qf4 c3 31. a3 Be6 
32. Re1 Rd8 33. Qe3 Bd5 34. Qe8+ Rxe8 35. Rxe8+ Qg8 36. Rxg8+ Kxg8 37. Be5 Be4 
38. Bxc3 Bxc2 39. Kf2 h6 40. Ke3 Kh7 41. g3 Kg6 42. Kf4 h5 43. Bd4 Bd1 
44. Bc3 Bc2 45. h3 Kh6 46. Ke5 h4 47. gxh4 Kg6 48. Bd2 Bd3 49. Kf4 Be2 
50. Bc3 Kh5 51. Be1 Kg6 52. a4 Bf1 53. Kg3 Kxf6 54. a5 Kg6 55. Bd2 Be2 
56. Bb4 Kf6 57. Kf4 Bd1 58. Bd2 Kg6 59. Bc3 Kh5 60. Bf6 Kg6 61. Bd8 Bh5 
62. Kg3 Be2 63. Bg5 Bf1 64. Bd2 Bb5 65. Bb4 Bd3 66. Bd6 Bc2 67. Be7 Bd3 
68. Bd6 Be4 69. Be5 Kh5 70. Bd4 Kg6 71. Be3 Bd5 72. Bb6 Bc4 73. Kf4 Be2 
74. Ba7 Bf1 75. Kg3 Kh5 76. Bf2 Kg6 77. Ba7 Kh5 78. Be3 Bb5 79. Bd2 Be2 
80. Bc1 Bd3 81. Be3 Kg6 82. Ba7 Be2 83. Bb6 Kh5 84. Bc7 Bf1 85. Bd8 Bd3 
86. Bf6 Kg6 87. Be5 Bb5 88. Kf2 1/2-1/2

[Event "Wednesday Night Engine Tour 13 rd Swiss 3m+1s Starts at 2200hrs ST"]
[Site "Infinity Chess"]
[Date "2018.1.17"]
[Round "12"]
[White "miguello"]
[Black "Cepri"]
[Result "1/2-1/2"]
[ECO "D43"]
[WhiteElo "2398"]
[BlackElo "2474"]
[WhiteEngine "stockfish_18011309_x64_modern_CTG"]
[BlackEngine "asmFishW_12J18Mb_CTG"]
[EventType "Swiss"]
[WhiteTeam ""]
[BlackTeam ""]
[PlyCount "126"]
[TimeControl "180+1"]

1. d4 d5 2. c4 e6 3. Nc3 Nf6 4. Nf3 c6 5. Bg5 h6 6. Bxf6 Qxf6 7. e3 Nd7 
8. Bd3 dxc4 9. Bxc4 g6 10. O-O Bg7 11. e4 e5 12. d5 Nb6 13. Bb3 Bg4 14. Re1 Bxf3 
15. Qxf3 Qxf3 16. gxf3 O-O 17. dxc6 bxc6 18. Na4 Rfc8 19. Red1 Rc7 20. Rd6 Nxa4 
21. Bxa4 Bf8 22. Rxc6 Rxc6 23. Bxc6 Rb8 24. b3 Ba3 25. Bd5 Rc8 26. Bc4 Rd8 
27. Re1 Rd2 28. Re2 Rxe2 29. Bxe2 Kg7 30. Bb5 Bc5 31. Kf1 h5 32. Bc6 Kh6 
33. Be8 Kg7 34. Bd7 h4 35. Ke2 Kf6 36. Kf1 a5 37. Kg2 Bd4 38. Bc6 Kg5 39. Bd5 f6 
40. Bf7 Bb6 41. Kf1 Bc5 42. Kg2 Bd4 43. Bd5 Bc5 44. Be6 f5 45. Bf7 Kf6 
46. Bd5 Kg5 47. Kf1 Kf4 48. Kg2 Kg5 49. Bf7 Kf6 50. Bg8 Kg5 51. Bd5 Kf4 
52. Kf1 h3 53. Ke1 Ba7 54. Ke2 Bb6 55. Bb7 Bc5 56. a4 Bd4 57. Ba8 Kg5 
58. exf5 gxf5 59. Bc6 Kf4 60. Bd5 Bc5 61. Bc6 Bd4 62. Kf1 Bc5 63. Ke2 Bd4 
1/2-1/2

[Event "Wednesday Night Engine Tour 13 rd Swiss 3m+1s Starts at 2200hrs ST"]
[Site "Infinity Chess"]
[Date "2018.1.17"]
[Round "12"]
[White "marudam"]
[Black "OlivierEvan"]
[Result "1-0"]
[ECO "B90"]
[WhiteElo "2476"]
[BlackElo "2438"]
[WhiteEngine "stockfish291217_CTG"]
[BlackEngine "stockfish_18011309_x64"]
[EventType "Swiss"]
[WhiteTeam ""]
[BlackTeam ""]
[PlyCount "145"]
[TimeControl "180+1"]

1. e4 c5 2. Nf3 d6 3. d4 cxd4 4. Nxd4 Nf6 5. Nc3 a6 6. Be3 e5 7. Nb3 Be6 
8. Qd2 Be7 9. f3 O-O 10. h4 Nbd7 11. g4 b5 12. a4 Bxb3 13. cxb3 d5 14. exd5 Bc5 
15. g5 Nh5 16. Rh2 Qb6 17. a5 Qa7 18. Kf2 f5 19. d6 f4 20. Bxc5 Nxc5 
21. Qd5+ Kh8 22. Kg2 e4 23. Qd4 exf3+ 24. Kg1 Qd7 25. Bh3 Ne6 26. Re1 Nxd4 
27. Bxd7 Ng3 28. Bh3 Nge2+ 29. Kf2 Rae8 30. d7 Re3 31. Rhh1 Ng3 32. Rhg1 Re2+ 
33. Rxe2 fxe2 34. b4 Kg8 35. Rc1 f3 36. Bg4 Nc2 37. Bxf3 e1=B+ 38. Kg1 Rd8 
39. Bg4 Bxc3 40. bxc3 Ne3 41. Re1 Ngf1 42. Bh3 Kf8 43. Bxf1 Nxf1 44. Re8+ Rxe8 
45. dxe8=Q+ Kxe8 46. Kxf1 Kd7 47. Ke2 Ke6 48. c4 bxc4 49. b5 Kd6 50. bxa6 Kc7 
51. a7 Kb7 52. Kd2 c3+ 53. Kxc3 Kxa7 54. a6 Kb6 55. a7 Kb7 56. a8=Q+ Kxa8 
57. Kd4 Kb7 58. Kd5 g6 59. Ke6 Kb6 60. Kf6 Ka5 61. Kg7 h6 62. gxh6 Kb4 
63. Kxg6 Ka3 64. h7 Kb3 65. h8=Q Kc4 66. Kf5 Kd3 67. Qb2 Kc4 68. h5 Kd5 
69. h6 Kc4 70. h7 Kd5 71. h8=Q Kc5 72. Qc8+ Kd6 73. Qe5# 1-0

[Event "Wednesday Night Engine Tour 13 rd Swiss 3m+1s Starts at 2200hrs ST"]
[Site "Infinity Chess"]
[Date "2018.1.17"]
[Round "12"]
[White "incredible"]
[Black "Thinker"]
[Result "1/2-1/2"]
[ECO "D35"]
[WhiteElo "2486"]
[BlackElo "2509"]
[WhiteEngine "Stockfish_x64_bmi2"]
[BlackEngine "BrainFish_180113_x64_modern_CTG"]
[EventType "Swiss"]
[WhiteTeam ""]
[BlackTeam ""]
[PlyCount "76"]
[TimeControl "180+1"]

1. d4 d5 2. c4 e6 3. Nc3 Nf6 4. cxd5 exd5 5. Bg5 c6 6. e3 Be7 7. Bd3 O-O 
8. Nf3 h6 9. Bf4 Nh5 10. Qd2 Nxf4 11. exf4 Nd7 12. O-O Bd6 13. Rae1 Qf6 
14. Ne5 h5 15. g3 Qh6 16. Qc2 h4 17. Ng4 Qh5 18. f3 Rd8 19. Nd1 Nf8 20. Nde3 Bc7 
21. Kg2 Bb6 22. Qa4 a5 23. f5 Bd7 24. Ne5 f6 25. Nxd7 Rxd7 26. Nc2 Bc7 
27. Qb3 a4 28. Qa3 Rdd8 29. f4 Bd6 30. Qc3 Kf7 31. Qd2 Nd7 32. Re6 hxg3 
33. Rh1 gxh2 34. Rxd6 Qg4+ 35. Kf2 Qh4+ 36. Kg2 Qg4+ 37. Kf2 Qh4+ 38. Kg2 Qg4+ 
1/2-1/2

[Event "Wednesday Night Engine Tour 13 rd Swiss 3m+1s Starts at 2200hrs ST"]
[Site "Infinity Chess"]
[Date "2018.1.17"]
[Round "12"]
[White "BraveDevil"]
[Black "ludimilojko"]
[Result "1/2-1/2"]
[ECO "D31"]
[WhiteElo "2530"]
[BlackElo "2392"]
[WhiteEngine "Cryptic AIL V1"]
[BlackEngine "CorChess 2.0_x64_CTG"]
[EventType "Swiss"]
[WhiteTeam ""]
[BlackTeam ""]
[PlyCount "61"]
[TimeControl "180+1"]

1. d4 d5 2. c4 e6 3. Nc3 c6 4. e4 dxe4 5. Nxe4 Bb4+ 6. Bd2 Qxd4 7. Bxb4 Qxe4+ 
8. Be2 Na6 9. Ba5 b6 10. Qd6 Bd7 11. Bc3 f6 12. O-O-O O-O-O 13. Qa3 Kb7 
14. Bf3 Qf4+ 15. Rd2 Qc7 16. Ne2 e5 17. Rhd1 Nh6 18. Ng3 Bg4 19. Bxg4 Nxg4 
20. Ne4 Rxd2 21. Rxd2 Rd8 22. c5 Rxd2 23. Bxd2 Nxc5 24. Nxc5+ bxc5 25. Qxc5 f5 
26. Bc3 Qb6 27. Qe7+ Ka6 28. Qa3+ Kb7 29. Qe7+ Ka6 30. Qa3+ Kb7 31. Qe7+ 1/2-1/2

[Event "Wednesday Night Engine Tour 13 rd Swiss 3m+1s Starts at 2200hrs ST"]
[Site "Infinity Chess"]
[Date "2018.1.17"]
[Round "12"]
[White "Vimtiroba"]
[Black "Dovahkiin"]
[Result "1/2-1/2"]
[ECO "B50"]
[WhiteElo "2534"]
[BlackElo "2443"]
[WhiteEngine "SF@Infinity_CTG"]
[BlackEngine "corchess_x64_modern_CTG"]
[EventType "Swiss"]
[WhiteTeam ""]
[BlackTeam ""]
[PlyCount "110"]
[TimeControl "180+1"]

1. e4 c5 2. Nf3 d6 3. Nc3 Nf6 4. d4 cxd4 5. Nxd4 a6 6. Be3 e5 7. Nb3 Be6 
8. f3 h5 9. Qd2 Nbd7 10. Nd5 Bxd5 11. exd5 g6 12. Na5 Bg7 13. Be2 Rb8 14. O-O e4 
15. f4 Ng4 16. Bxg4 hxg4 17. Rab1 Rh5 18. b4 Kf8 19. c4 Kg8 20. b5 axb5 
21. Rxb5 Nc5 22. g3 Rc8 23. h4 gxh3 24. Bxc5 dxc5 25. Nxb7 h2+ 26. Kh1 Qe7 
27. Rb3 Bd4 28. Qg2 e3 29. Na5 e2 30. Re1 Qa7 31. Nc6 Qxa2 32. Ne7+ Kg7 
33. Rbb1 Rch8 34. f5 Rg5 35. Qf3 Re8 36. d6 Rf8 37. d7 Rd8 38. fxg6 fxg6 
39. Nc6 Rxd7 40. Nxd4 cxd4 41. Rb7 Rxb7 42. Qxb7+ Kf6 43. Qb6+ Kf5 44. Qxd4 Qa8+ 
45. Qd5+ Qxd5+ 46. cxd5 Rxg3 47. Rxe2 g5 48. Rd2 Rh3 49. Re2 Kf4 50. d6 g4 
51. d7 Rd3 52. d8=Q Rxd8 53. Kxh2 Kf3 54. Rg2 Rh8+ 55. Kg1 Rc8 1/2-1/2

[Event "Wednesday Night Engine Tour 13 rd Swiss 3m+1s Starts at 2200hrs ST"]
[Site "Infinity Chess"]
[Date "2018.1.17"]
[Round "12"]
[White "Victorious"]
[Black "Eman"]
[Result "1/2-1/2"]
[ECO "C55"]
[WhiteElo "2553"]
[BlackElo "2512"]
[WhiteEngine "BugChess2.41_Release"]
[BlackEngine "Eman SL 1.63 64-bit POPCNT"]
[EventType "Swiss"]
[WhiteTeam ""]
[BlackTeam ""]
[PlyCount "125"]
[TimeControl "180+1"]

1. e4 e5 2. Nf3 Nc6 3. Bc4 Nf6 4. d3 Bc5 5. O-O a5 6. c3 d6 7. Nbd2 O-O 
8. a4 Ne7 9. Re1 c6 10. Nf1 Ng6 11. h3 h6 12. Bb3 Qb6 13. d4 exd4 14. cxd4 Bb4 
15. Bd2 d5 16. e5 Ne4 17. Bxb4 Qxb4 18. Ng3 Nxg3 19. fxg3 Bf5 20. Bc2 Bxc2 
21. Qxc2 Qc4 22. Qd1 Rfe8 23. Rc1 Qa6 24. Rc3 Re6 25. Rf1 Qb6 26. Kh2 Rae8 
27. Qd3 Qd8 28. Qc2 Qb6 29. g4 R6e7 30. Rb3 Qa6 31. Rc1 Qa7 32. Qd2 Rc8 
33. Rf1 Qa6 34. Rc1 Qa7 35. Qc2 Rce8 36. g5 hxg5 37. Qf5 Nh4 38. Qg4 Nxf3+ 
39. Rxf3 c5 40. Rxc5 Rxe5 41. Rc8 R5e7 42. Rxe8+ Rxe8 43. Qd7 Qb8+ 44. Kg1 Re1+ 
45. Kf2 Qe8 46. Qxf7+ Qxf7 47. Rxf7 Kxf7 48. Kxe1 Kf6 49. Ke2 Ke6 50. b3 Kf5 
51. Ke3 Ke6 52. g3 b6 53. Kd3 Kf5 54. Ke3 g4 55. h4 g6 56. Kd3 g5 57. hxg5 Kxg5 
58. Kc3 Kf5 59. Kd3 Kf6 60. Kc3 Kf5 61. Kd3 Ke6 62. Ke3 Kf5 63. Kd3 1/2-1/2

[Event "Wednesday Night Engine Tour 13 rd Swiss 3m+1s Starts at 2200hrs ST"]
[Site "Infinity Chess"]
[Date "2018.1.17"]
[Round "12"]
[White "Gilgamesch"]
[Black "MGR"]
[Result "1/2-1/2"]
[ECO "D31"]
[WhiteElo "2564"]
[BlackElo "2500"]
[WhiteEngine "BrainFish_171005_x64_bmi2"]
[BlackEngine "asmFishW_2017-11-19_bmi2"]
[EventType "Swiss"]
[WhiteTeam ""]
[BlackTeam ""]
[PlyCount "116"]
[TimeControl "180+1"]

1. d4 d5 2. c4 e6 3. Nc3 c6 4. e4 dxe4 5. Nxe4 Bb4+ 6. Nc3 c5 7. Nf3 Nf6 
8. Be2 Ne4 9. Qd3 Qa5 10. Qxe4 Bxc3+ 11. Kf1 Bxd4 12. Nxd4 cxd4 13. Qxd4 O-O 
14. Bd2 Nc6 15. Bxa5 Nxd4 16. Bd3 e5 17. Rd1 Be6 18. f3 b5 19. cxb5 Bxa2 
20. Kf2 Bb3 21. Rd2 Rac8 22. Re1 f6 23. Bc3 Bc4 24. Bxd4 exd4 25. Bf5 Rce8 
26. Rxd4 Rxe1 27. Kxe1 Re8+ 28. Be4 Bxb5 29. Kd2 g6 30. Kc3 Kf7 31. b3 Ke7 
32. Bb7 Rb8 33. Bd5 a5 34. Re4+ Kd6 35. Bf7 Kc5 36. Rh4 Bf1 37. g3 Rd8 
38. Rxh7 Rd3+ 39. Kb2 g5 40. f4 gxf4 41. gxf4 Kb4 42. Rh8 Rd2+ 43. Kc1 Rf2 
44. Rb8+ Kc3 45. Rc8+ Kd4 46. Rd8+ Ke3 47. Bg6 Rxh2 48. Rd6 Bg2 49. Rxf6 Bf3 
50. Rd6 Kxf4 51. Rd3 Rh1+ 52. Kb2 Rh2+ 53. Kc3 Be4 54. Bxe4 Kxe4 55. Rd1 Rh3+ 
56. Kb2 Rh4 57. Re1+ Kd4 58. Ka3 Rh2 1/2-1/2

[Event "Wednesday Night Engine Tour 13 rd Swiss 3m+1s Starts at 2200hrs ST"]
[Site "Infinity Chess"]
[Date "2018.1.17"]
[Round "11"]
[White "RonWeasley"]
[Black "Dovahkiin"]
[Result "1/2-1/2"]
[ECO "B95"]
[WhiteElo "2497"]
[BlackElo "2441"]
[WhiteEngine "BrainFish 130117_CTG"]
[BlackEngine "corchess_x64_modern_CTG"]
[EventType "Swiss"]
[WhiteTeam ""]
[BlackTeam ""]
[PlyCount "127"]
[TimeControl "180+1"]

1. e4 c5 2. Nf3 d6 3. d4 cxd4 4. Nxd4 Nf6 5. Nc3 a6 6. Bg5 e6 7. Qf3 Be7 
8. O-O-O Qc7 9. Bd3 O-O 10. Qh3 h6 11. Bxh6 gxh6 12. g4 Nh7 13. f4 Kh8 
14. Qxh6 Rg8 15. g5 Rg7 16. h4 Qb6 17. Nb3 Nc6 18. Rhf1 Bf8 19. Qh5 Bd7 
20. Kb1 Rc8 21. a3 Qc7 22. Na2 Be8 23. Qg4 Be7 24. Rd2 Na5 25. Nxa5 Qxa5 
26. Rdf2 Bb5 27. f5 Bxd3 28. cxd3 Qe5 29. Qh5 Kg8 30. Nc3 d5 31. fxe6 fxe6 
32. exd5 Rf8 33. Rxf8+ Nxf8 34. Qf3 Qf5 35. Qd1 Qh3 36. dxe6 Qxe6 37. Re1 Qf7 
38. Ne4 Rh7 39. Rf1 Qd5 40. Nc3 Qe6 41. Re1 Qf7 42. Qg4 Qb3 43. Qd4 b6 
44. Nd5 Bc5 45. Nf6+ Kh8 46. Qg4 Bxa3 47. Qd4 Bc5 48. Qg4 Ba3 49. Re2 Re7 
50. g6 Kg7 51. Nh5+ Kg8 52. g7 Bxb2 53. gxf8=Q+ Kxf8 54. Qc8+ Kf7 55. Rxe7+ Kxe7 
56. Qb7+ Kd6 57. Qb8+ Kc5 58. Qc7+ Kb5 59. Qc4+ Qxc4 60. dxc4+ Kxc4 61. Kxb2 Kd4 
62. Ng3 Ke5 63. h5 Kf6 64. Ne4+ 1/2-1/2

[Event "Wednesday Night Engine Tour 13 rd Swiss 3m+1s Starts at 2200hrs ST"]
[Site "Infinity Chess"]
[Date "2018.1.17"]
[Round "11"]
[White "denochss"]
[Black "jery"]
[Result "1/2-1/2"]
[ECO "C77"]
[WhiteElo "2340"]
[BlackElo "2463"]
[WhiteEngine "BrainFish_171111_x64_bmi2"]
[BlackEngine "stockfish_18011309_x64_modern_CTG"]
[EventType "Swiss"]
[WhiteTeam ""]
[BlackTeam ""]
[PlyCount "89"]
[TimeControl "180+1"]

1. e4 e5 2. Nf3 Nc6 3. Bb5 a6 4. Ba4 Nf6 5. O-O Be7 6. Re1 b5 7. Bb3 O-O 
8. c3 d5 9. exd5 Nxd5 10. Nxe5 Nxe5 11. Rxe5 c6 12. d4 Bd6 13. Re1 Qh4 
14. g3 Qh3 15. Be3 Be6 16. Qf3 a5 17. Qg2 Qf5 18. Bd1 b4 19. c4 Nxe3 
20. fxe3 Bxc4 21. Nd2 Bb5 22. Rc1 Rad8 23. Nb3 a4 24. Nc5 Bxc5 25. Rxc5 Rd5 
26. Rc1 Qd7 27. b3 a3 28. Bf3 Rd6 29. Rc5 Rf6 30. Rd1 Rd8 31. Qf2 Qe7 
32. Rdc1 g6 33. Re5 Qd6 34. Kg2 Re6 35. Rcc5 Rde8 36. Rxe6 fxe6 37. Qd2 e5 
38. Qxb4 Qf8 39. Bd5+ Kg7 40. Bc4 Qf5 41. Bxb5 Qe4+ 42. Kh3 Qf5+ 43. Kg2 Qe4+ 
44. Kh3 Qf5+ 45. Kg2 1/2-1/2

[Event "Wednesday Night Engine Tour 13 rd Swiss 3m+1s Starts at 2200hrs ST"]
[Site "Infinity Chess"]
[Date "2018.1.17"]
[Round "11"]
[White "OlivierEvan"]
[Black "star99"]
[Result "1/2-1/2"]
[ECO "B23"]
[WhiteElo "2437"]
[BlackElo "2474"]
[WhiteEngine "stockfish_18011309_x64"]
[BlackEngine "Cryptic AIL V1"]
[EventType "Swiss"]
[WhiteTeam ""]
[BlackTeam ""]
[PlyCount "172"]
[TimeControl "180+1"]

1. e4 c5 2. Nc3 d6 3. Nge2 Nf6 4. g3 g6 5. Bg2 Bg7 6. O-O h5 7. h3 Nc6 8. d3 Bd7 
9. f4 Qc8 10. Kh2 Rb8 11. a4 Kf8 12. Bd2 b6 13. Qe1 a6 14. Nd1 Ne8 15. Qf2 f5 
16. Bc3 Bxc3 17. Ndxc3 Nf6 18. Rae1 Kg7 19. Nd5 Qf8 20. Nxf6 Qxf6 21. exf5 gxf5 
22. Ng1 Rbe8 23. c3 Nd8 24. Bd5 e6 25. Bb3 Bc6 26. Nf3 Bxf3 27. Qxf3 a5 
28. Re3 d5 29. Rfe1 Reg8 30. h4 Rh6 31. Bd1 Kh8 32. R3e2 Qg7 33. Qf2 Qd7 
34. b4 axb4 35. cxb4 Rhg6 36. Rg1 cxb4 37. Qxb6 Nc6 38. Reg2 Rb8 39. Qe3 b3 
40. d4 b2 41. Bb3 Qg7 42. Rb1 Nxd4 43. Bd1 Kh7 44. a5 Nc6 45. a6 e5 46. Bxh5 Rh6 
47. Bd1 exf4 48. Qxf4 Qe5 49. Rf2 Qxf4 50. Rxf4 Ne7 51. a7 Ra8 52. Rxb2 Rxa7 
53. Bc2 Rf6 54. Bb1 Kg7 55. Kg2 Rc7 56. Rb3 Rd7 57. Kf2 Rc7 58. Kg2 Rd7 
59. Rbb4 Rc7 60. Rf2 Rf8 61. Rf3 Rf6 62. Rf2 Rf8 63. Rf1 Rd7 64. Rff4 Rc7 
65. Kh3 Rc3 66. Rb6 Rc4 67. Rf1 Rc7 68. Rb4 Rf6 69. Rf3 Kh6 70. Bd3 Kg7 
71. Ra4 Kh6 72. Kg2 Kg7 73. Ra5 d4 74. Kh3 Rd6 75. Ra2 Kh6 76. Bxf5 Nxf5 
77. Rxf5 d3 78. Rd2 Kg6 79. Re5 Rd4 80. Re6+ Kf5 81. Re3 Rc3 82. g4+ Rxg4 
83. Rexd3 Rxd3+ 84. Rxd3 Rc4 85. Rb3 Rc1 86. Kg3 Kg6 1/2-1/2

[Event "Wednesday Night Engine Tour 13 rd Swiss 3m+1s Starts at 2200hrs ST"]
[Site "Infinity Chess"]
[Date "2018.1.17"]
[Round "11"]
[White "ocirema"]
[Black "miguello"]
[Result "1/2-1/2"]
[ECO "C42"]
[WhiteElo "2494"]
[BlackElo "2394"]
[WhiteEngine "stockfish_18011309_x64_modern_CTG"]
[BlackEngine "stockfish_18011309_x64_modern_CTG"]
[EventType "Swiss"]
[WhiteTeam ""]
[BlackTeam ""]
[PlyCount "63"]
[TimeControl "180+1"]

1. e4 e5 2. Nf3 Nf6 3. Nxe5 d6 4. Nf3 Nxe4 5. d4 d5 6. Bd3 Nc6 7. O-O Be7 
8. Nbd2 Nxd2 9. Bxd2 Bg4 10. c3 O-O 11. Bf4 Bd6 12. Bg3 Qf6 13. Re1 Rae8 
14. Be2 Re6 15. Bxd6 cxd6 16. h3 Bh5 17. Qb3 Rfe8 18. Kf1 Qf5 19. g4 Bxg4 
20. hxg4 Qxg4 21. Ng1 Qg5 22. Qxb7 Rg6 23. Bg4 Rf8 24. f3 f5 25. Qxc6 fxg4 
26. Re8 gxf3 27. Rxf8+ Kxf8 28. Qc8+ Kf7 29. Qc7+ Kf8 30. Qc8+ Kf7 31. Qd7+ Kf8 
32. Qc8+ 1/2-1/2

[Event "Wednesday Night Engine Tour 13 rd Swiss 3m+1s Starts at 2200hrs ST"]
[Site "Infinity Chess"]
[Date "2018.1.17"]
[Round "11"]
[White "Cepri"]
[Black "incredible"]
[Result "1/2-1/2"]
[ECO "B28"]
[WhiteElo "2474"]
[BlackElo "2486"]
[WhiteEngine "asmFishW_12J18Mb_CTG"]
[BlackEngine "Stockfish_x64_bmi2"]
[EventType "Swiss"]
[WhiteTeam ""]
[BlackTeam ""]
[PlyCount "117"]
[TimeControl "180+1"]

1. e4 c5 2. Nf3 a6 3. Nc3 d6 4. d4 cxd4 5. Nxd4 Nf6 6. Be3 Nbd7 7. Be2 e6 
8. a4 b6 9. f4 Bb7 10. Bf3 Qc7 11. Qe2 e5 12. O-O-O exd4 13. Bxd4 Be7 
14. e5 dxe5 15. fxe5 O-O 16. Bxb7 Qxb7 17. exf6 Bxf6 18. Qe4 Qxe4 19. Nxe4 Bxd4 
20. Rxd4 Rfe8 21. b3 Kf8 22. Rhd1 Ne5 23. Nc3 Rac8 24. Kb2 Rc6 25. h3 g6 
26. g4 a5 27. Re4 h6 28. Nb5 Re7 29. Nc3 Rce6 30. Nd5 Rd7 31. Nf4 Rf6 
32. Nd5 Re6 33. Nf4 Rf6 34. Rxd7 Nxd7 35. Rd4 Nc5 36. Nd5 Rd6 37. Kc3 Ne6 
38. Rd2 Ng5 39. Rd3 Nxh3 40. Nxb6 Rxb6 41. Rxh3 Rb4 42. Rxh6 Rxg4 43. Rh8+ Ke7 
44. Rb8 Rh4 45. Rg8 Kd6 46. Rd8+ Kc5 47. Rc8+ Kd6 48. Rd8+ Kc5 49. Rc8+ Kd6 
50. Kd3 Ke7 51. Rg8 Rh5 52. c3 Rd5+ 53. Ke4 Rd8 54. Rxd8 Kxd8 55. b4 axb4 
56. cxb4 Kc7 57. a5 g5 58. Kf5 f6 59. b5 1/2-1/2

[Event "Wednesday Night Engine Tour 13 rd Swiss 3m+1s Starts at 2200hrs ST"]
[Site "Infinity Chess"]
[Date "2018.1.17"]
[Round "11"]
[White "ludimilojko"]
[Black "marudam"]
[Result "1/2-1/2"]
[ECO "C50"]
[WhiteElo "2388"]
[BlackElo "2480"]
[WhiteEngine "CorChess 2.0_x64_CTG"]
[BlackEngine "stockfish291217_CTG"]
[EventType "Swiss"]
[WhiteTeam ""]
[BlackTeam ""]
[PlyCount "115"]
[TimeControl "180+1"]

1. e4 e5 2. Nf3 Nc6 3. Bc4 Bc5 4. d3 Nf6 5. c3 O-O 6. O-O d6 7. Bg5 a5 8. a4 h6 
9. Bh4 Be6 10. Nbd2 g5 11. Bg3 Qe7 12. Re1 Ba7 13. Bb5 Qd8 14. Bc4 Kg7 
15. h3 Bc5 16. Bb5 Bb6 17. Bh2 Ne7 18. d4 g4 19. hxg4 Nxg4 20. Bg3 Ng6 
21. Bc4 Bc8 22. Be2 h5 23. Nh2 h4 24. Bxh4 Qxh4 25. Bxg4 Rh8 26. Ndf1 Be6 
27. Bxe6 fxe6 28. Qg4 Qxg4 29. Nxg4 exd4 30. cxd4 Bxd4 31. g3 Rab8 32. Rac1 c5 
33. b3 Kf7 34. Kg2 Rbg8 35. Kf3 Ke7 36. Nfe3 b5 37. axb5 Rb8 38. Kg2 Rxb5 
39. Nc4 Rg8 40. Rh1 Nf4+ 41. gxf4 Rxg4+ 42. Kf3 Rg7 43. Rb1 Rf7 44. Rh6 Bg7 
45. Rg6 a4 46. f5 Bf6 47. fxe6 Rf8 48. Ke2 Rxb3 49. Rh1 a3 50. Rh7+ Kxe6 
51. f4 Rf7 52. f5+ Ke7 53. Rxf7+ Kxf7 54. Nxd6+ Ke7 55. Nc8+ Kf7 56. Nd6+ Ke7 
57. Nc8+ Kf7 58. Nd6+ 1/2-1/2

[Event "Wednesday Night Engine Tour 13 rd Swiss 3m+1s Starts at 2200hrs ST"]
[Site "Infinity Chess"]
[Date "2018.1.17"]
[Round "11"]
[White "Thinker"]
[Black "BraveDevil"]
[Result "1/2-1/2"]
[ECO "B90"]
[WhiteElo "2508"]
[BlackElo "2531"]
[WhiteEngine "BrainFish_180113_x64_modern_CTG"]
[BlackEngine "Cryptic AIL V1"]
[EventType "Swiss"]
[WhiteTeam ""]
[BlackTeam ""]
[PlyCount "63"]
[TimeControl "180+1"]

1. e4 c5 2. Nf3 d6 3. d4 cxd4 4. Nxd4 Nf6 5. Nc3 a6 6. Be3 e5 7. Nb3 Be7 
8. Be2 Be6 9. Qd3 O-O 10. O-O Nc6 11. a3 Rc8 12. Nd5 Nd7 13. Qd2 h6 14. Rfd1 Bg5 
15. Bxg5 Qxg5 16. Qxg5 hxg5 17. h3 Rfd8 18. Bg4 Nf6 19. Bxe6 fxe6 20. Nb6 Rc7 
21. f3 Nd4 22. Nxd4 exd4 23. Rxd4 Rxc2 24. e5 Nh5 25. Rxd6 Rf8 26. Rf1 Ng3 
27. Rfd1 Rxb2 28. R1d2 Rb3 29. R2d3 Rb2 30. Rd2 Rb1+ 31. Rd1 Rb2 32. R1d2 
1/2-1/2

[Event "Wednesday Night Engine Tour 13 rd Swiss 3m+1s Starts at 2200hrs ST"]
[Site "Infinity Chess"]
[Date "2018.1.17"]
[Round "11"]
[White "MGR"]
[Black "Vimtiroba"]
[Result "1/2-1/2"]
[ECO "C50"]
[WhiteElo "2499"]
[BlackElo "2535"]
[WhiteEngine "asmFishW_2017-11-19_bmi2"]
[BlackEngine "SF@Infinity_CTG"]
[EventType "Swiss"]
[WhiteTeam ""]
[BlackTeam ""]
[PlyCount "133"]
[TimeControl "180+1"]

1. e4 e5 2. Nf3 Nc6 3. Bc4 Bc5 4. O-O Nf6 5. d3 a6 6. c3 Ba7 7. a4 h6 8. Re1 d6 
9. b4 Ne7 10. Nbd2 O-O 11. h3 Ng6 12. d4 Re8 13. Bd3 c6 14. b5 axb5 15. axb5 Be6 
16. bxc6 bxc6 17. Nf1 Bb6 18. Be3 Ba5 19. Qc2 exd4 20. Nxd4 Bd7 21. Ng3 Bc7 
22. Rxa8 Qxa8 23. Ndf5 c5 24. c4 Ne5 25. f3 h5 26. Bg5 Nh7 27. Bf4 h4 
28. Bxe5 dxe5 29. Nf1 Ng5 30. Qf2 Qd8 31. Rd1 Bxf5 32. exf5 e4 33. Bc2 Qe7 
34. Ba4 Rd8 35. f4 Rxd1 36. Bxd1 Nh7 37. Ne3 Bd8 38. Nd5 Qd6 39. Qb2 Bf6 
40. Qb6 Bd4+ 41. Kf1 Qxb6 42. Nxb6 Nf6 43. Ke1 Kf8 44. Kd2 Bf2 45. Nc8 Bg1 
46. Na7 Ke7 47. Nc8+ Kd7 48. Na7 Bh2 49. Ke3 Bg1+ 50. Kd2 Kd6 51. Nb5+ Ke7 
52. Ke2 Bd4 53. Kd2 Nd7 54. Bc2 Nf6 55. Bd1 Kd7 56. Bg4 Bb2 57. Be2 Kc6 
58. Bg4 Bd4 59. Bd1 Kb7 60. Nd6+ Ka6 61. Nxf7 Ka5 62. Nd6 Kb4 63. Be2 Bc3+ 
64. Kc2 Bd4 65. Kd2 Kb3 66. Bd1+ Kb4 67. Be2 1/2-1/2

[Event "Wednesday Night Engine Tour 13 rd Swiss 3m+1s Starts at 2200hrs ST"]
[Site "Infinity Chess"]
[Date "2018.1.17"]
[Round "11"]
[White "Eman"]
[Black "Gilgamesch"]
[Result "1/2-1/2"]
[ECO "B53"]
[WhiteElo "2510"]
[BlackElo "2566"]
[WhiteEngine "Eman SL 1.63 64-bit POPCNT"]
[BlackEngine "BrainFish_171005_x64_bmi2"]
[EventType "Swiss"]
[WhiteTeam ""]
[BlackTeam ""]
[PlyCount "65"]
[TimeControl "180+1"]

1. e4 c5 2. Nf3 d6 3. d4 Nf6 4. Nc3 cxd4 5. Nxd4 a6 6. g3 e5 7. Nb3 Be7 
8. Bg2 b5 9. Nd5 Nxd5 10. Qxd5 Ra7 11. Be3 Be6 12. Qd2 Ra8 13. f4 O-O 14. f5 Bd7 
15. Rd1 a5 16. h4 b4 17. Bg5 Bc6 18. Bxe7 Qxe7 19. O-O Qa7+ 20. Qf2 a4 
21. Qxa7 Rxa7 22. Nc1 Rd8 23. Rf2 Na6 24. Rfd2 Rad7 25. a3 bxa3 26. bxa3 Nc7 
27. c4 Ne8 28. Kf2 Nf6 29. Ke3 Ng4+ 30. Ke2 Nf6 31. Ke3 Ng4+ 32. Ke2 Nf6 33. Ke3 
1/2-1/2